cohdb
Replays
Latest Replays
All Replays
Popular Replays
Top Player Replays
Match Explorer
How It Works
Community
CoH3 Stats
Reddit
Sign in to upload your games and track your stats! →
Sign in with Steam
Match 45357056
Unlisted
Match 45357056
Overview
Messages
Build Orders
End
Scout Squad
Selects Airborne Battlegroup
Selects Pathfinders
Construct Weapon Support Center
M1919 Machine Gun Team
M1919 Machine Gun Team
Air Support Center
Selects Paratrooper Squad Paradrop
Paratrooper Squad Paradrop
Grasshopper Recon Run
Construct Motor Pool
P-47 Dive Bomb
M8 Greyhound Armored Car
Selects Recon Loiter
Grasshopper Recon Run
Construct Medical Station
Selects Supply Drop
Supply Drop
Paratrooper Squad Paradrop
P-47 Strafing Run
P-47 Dive Bomb
Grasshopper Recon Run
Engineer Squad
Supply Drop
Supply Drop
Construct Tank Depot
Double Sortie
Air Supply
Improved Aircraft Armor
P-47 Dive Bomb
P-47 Strafing Run
Selects Dual P-47 Rocket Strike
Supply Drop
Paratrooper Squad Paradrop
Grasshopper Recon Run
P-47 Strafing Run
Recon Loiter
M18 Hellcat Tank Destroyer
Supply Drop
P-47 Dive Bomb
P-47 Strafing Run
Paratrooper Squad Paradrop
M18 Hellcat Tank Destroyer
Supply Drop
Grasshopper Recon Run
P-47 Strafing Run
Dual P-47 Rocket Strike
Grasshopper Recon Run
P-47 Dive Bomb
M18 Hellcat Tank Destroyer
M4(105) Sherman Bulldozer
Grasshopper Recon Run
Dual P-47 Rocket Strike
M4(105) Sherman Bulldozer
Supply Drop
Recon Loiter
P-47 Strafing Run
P-47 Dive Bomb
Grasshopper Recon Run
3rdDUI
YoSleepy
pagep
7k this year for sure
0
0
Comments
sign in to comment!
No comments posted yet!